 Dungeon Crawl Stone Soup version 0.18.1-8-gdd0e5ea (webtiles) character file.

10345 Scarto the Fighter (level 11, 0/89 HPs)
             Began as a Demonspawn Fighter on May 26, 2016.
             Was a Priest of Qazlal.
             Splashed by an orc priest's acid (9 damage)
             ... on level 10 of the Dungeon.
             The game lasted 00:27:03 (13424 turns).

Scarto the Fighter (Demonspawn Fighter)            Turns: 13424, Time: 00:27:04

Health: 0/89       AC: 17    Str: 18    XL:     11   Next: 35%
Magic:  11/11      EV: 11    Int: 13    God:    Qazlal [***...]
Gold:   229        SH: 16    Dex: 19    Spells: 0 memorised, 10 levels left

rFire  . . .     SeeInvis +     t - +3 spear "Pofie" {pierce, *Drain +Blink rN+++ Str-3}
rCold  . . .     Gourm    .     m - +3 plate armour
rNeg   + + +     Faith    .     c - +0 shield
rPois  .         Spirit   .     (no helmet)
rElec  .         Dismiss  .     (no cloak)
rCorr  .         Reflect  .     (gloves unavailable)
SustAt .         Harm     .     B - +0 pair of boots {run}
MR     .....     Clarity  +     (no amulet)
Stlth  ..........               f - +3 ring of protection
                                j - +2 ring of strength

@: agile, corroded, quick, not resistant to hostile enchantments, extremely
unstealthy
A: claws 3, repulsion field 1, see invisible, berserk 1, blink, clarity, clever
2, foul stench 1, powered by pain 2, rot immunity
a: Blink, Upheaval, Elemental Force, Renounce Religion, Evoke Blink


You were on level 10 of the Dungeon.
You worshipped Qazlal.
Qazlal was most pleased with you.
You were very hungry.

You visited 2 branches of the dungeon, and saw 11 of its levels.

You collected 460 gold pieces.
You spent 231 gold pieces at shops.

Inventory:

Hand Weapons
 t - the +3 spear "Pofie" (weapon) {pierce, *Drain +Blink rN+++ Str-3}
   (You found it on level 6 of the Dungeon)

   It inflicts extra damage upon your enemies.
   It affects your strength (-3).
   It renders you almost immune to negative energy.
   It lets you blink.
   It causes draining when unequipped.
 E - a +4 spear
Missiles
 w - 7 javelins (quivered)
Armour
 c - a +0 shield (worn)
 m - a +3 plate armour (worn)
 B - a +0 pair of boots of running (worn)
Jewellery
 f - a +3 ring of protection (right claw)
 g - an uncursed ring of protection from fire
 h - an uncursed ring of positive energy
 j - a +2 ring of strength (left claw)
Wands
 n - a wand of acid (6/15)
 q - a wand of random effects (30/48)
 x - a wand of iceblast (10/15)
 A - a wand of acid (3/15)
Scrolls
 b - 2 scrolls of amnesia
 i - 2 scrolls of identify
 p - a scroll of recharging {unknown}
 r - a scroll of remove curse
 y - 2 scrolls of blinking {unknown}
 D - a scroll of fear
Potions
 a - 4 potions of flight
 e - a potion of curing
 v - 3 potions of agility
 z - 2 potions of lignification
Comestibles
 d - 8 royal jellies
 k - 2 meat rations
 l - 4 slices of pizza
 o - a bread ration
 s - 4 beef jerkies
 u - 6 fruits


   Skills:
 + Level 9.3 Fighting
   Level 6.2(7.6) Axes
 + Level 6.6(7.8) Polearms
 + Level 8.6 Armour
 + Level 8.5 Shields


You had 10 spell levels left.
You didn't know any spells.

Dungeon Overview and Level Annotations

Branches:
Dungeon (10/15)            Temple (1/1) D:7            Lair (0/8) D:10
    Orc: D:9-12

Altars:
Ashenzari
Cheibriados
Dithmenos
Elyvilon
Fedhas
Gozag
Kikubaaqudgha
Makhleb
Nemelex Xobeh
Okawaru
Pakellas
Qazlal
Ru
Sif Muna
Trog
Vehumet
Xom
Yredelemnul
Zin
The Shining One

Shops:
D:8 ?   D:9 (   D:10 [

Annotations:
D:8 Zleub's ghost, novice MiFi


Innate Abilities, Weirdness & Mutations

You have claws for hands.
You are surrounded by a mild repulsion field (EV +2).
You may emit foul miasma when damaged in melee.
You sometimes gain power by taking damage.
You are immune to rotting.
You have supernaturally acute eyesight.
You tend to lose your temper in combat.
You can translocate small distances at will.
You possess an exceptional clarity of mind.
Your mind is very acute. (Int +4)


Message History

You are too injured to fight recklessly!
You are too injured to fight recklessly!
You hit the orc warrior but do no damage.
The orc warrior is moderately wounded.
The orc priest hits you with a war axe. You block the orc warrior's attack.
You hit the orc warrior but do no damage.
The orc warrior is moderately wounded.
You hit the orc warrior but do no damage.
The orc warrior is moderately wounded.
The orc priest zaps a wand.
The bolt of acid hits you!
* * * LOW HITPOINT WARNING * * *
You focus on the pain.
You feel agile all of a sudden. The acid corrodes you!
The acid burns!
* * * LOW HITPOINT WARNING * * *
It is a wand of acid.
You block the orc warrior's attack.
The orc priest miscasts a cantrip.
You are feeling very hungry.
The orc priest zaps a wand.
The bolt of acid hits you!
The acid burns!
You die...

###.####......#...# ##.......###.
()..# ##........#####...........
##..# ##..##....................
##.####..###.8≈≈≈≈≈≈≈≈≈≈≈≈≈≈≈≈≈≈
#..##..####.≈8≈≈≈≈≈≈≈≈≈≈≈≈≈≈≈≈≈
#......###..≈≈.'###############
#..##...##..≈≈.#...............
##.)###......≈≈##o.........)....
##..)[####..#...@.§..o.....8.....
#...)(.####...≈≈##...............
......(.###...≈≈.#...............
.......(......≈≈.'###############
.#######....#.≈8≈≈≈≈≈≈≈≈≈≈≈≈≈≈≈≈≈
.## ##.....8≈≈≈≈≈≈≈≈≈≈≈≈≈≈≈≈≈≈
..### ##........................
....####..##..........##......#..
......#..####........####........


You could see an orc warrior and an orc priest.

Vanquished Creatures
  An unseen horror (D:10)
  A hill giant (D:9)
  An ugly thing (D:9)
  Joseph (D:9)
  2 trolls
  3 two-headed ogres
  Sigmund (D:2)
  5 yaks (D:10)
  The ghost of Nanban the Covered, an amateur HuWn (D:3)
  A hungry ghost (D:9)
  A hippogriff (D:10)
  3 wargs
  2 soldier ants (D:8)
  2 sky beasts
  2 ice beasts
  2 wasps (D:8)
  4 orc warriors
  3 black bears
  An eye of draining (D:10)
  A necrophage (D:9)
  10 ogres
  3 centaurs
  2 phantoms
  4 giant frogs
  A gnoll sergeant (D:10)
  A wyvern zombie (D:9)
  4 scorpions
  4 killer bees (D:8)
  5 wights (D:10)
  10 howler monkeys
  An electric eel (D:10)
  5 crimson imps
  8 orc wizards
  8 hounds
  2 jellies
  A centaur skeleton (D:9)
  13 orc priests
  A giant frog skeleton (D:4)
  A gnoll shaman (D:5)
  Jessica (D:2)
  2 iguanas (D:7)
  Ijyb (D:2)
  6 worker ants
  A hound zombie (D:5)
  3 hound skeletons
  12 gnolls
  8 adders
  A shadow imp (D:9)
  An adder zombie (D:9)
  2 worms
  2 dart slugs
  5 giant geckos
  27 orcs
  2 ball pythons
  5 giant cockroaches
  3 goblins
  6 hobgoblins
  27 jackals
  4 quokkas
  6 bats
  A giant gecko skeleton (D:8)
  6 giant newts
  3 kobolds (D:3)
  4 rats
261 creatures vanquished.

Vanquished Creatures (others)
  An orc priest (D:4)
  An orc (D:4)
  A quokka (D:4)
3 creatures vanquished.

Grand Total: 264 creatures vanquished

Notes
Turn   | Place    | Note
--------------------------------------------------------------
     0 | D:1      | Scarto the Demonspawn Fighter began the quest for the Orb.
     0 | D:1      | Reached XP level 1. HP: 18/18 MP: 1/1
   185 | D:1      | Gained mutation: You sometimes gain a little power by taking damage. [demonic ancestry]
   185 | D:1      | Reached XP level 2. HP: 15/24 MP: 2/2
   732 | D:2      | Found a radiant altar of Vehumet.
   783 | D:2      | Noticed Jessica
   789 | D:2      | Killed Jessica
   789 | D:2      | Gained mutation: You are surrounded by a mild repulsion field (EV +2). [demonic ancestry]
   789 | D:2      | Reached XP level 3. HP: 13/29 MP: 3/3
  1445 | D:2      | Noticed Ijyb
  1457 | D:2      | Killed Ijyb
  1457 | D:2      | Gained mutation: You are immune to rotting. [demonic ancestry]
  1457 | D:2      | Reached XP level 4. HP: 20/35 MP: 4/4
  1502 | D:2      | Found a basalt altar of Yredelemnul.
  1572 | D:2      | Noticed Sigmund
  1582 | D:2      | Killed Sigmund
  1582 | D:2      | Reached skill level 4 in Fighting
  1582 | D:2      | Gained mutation: You have sharp fingernails. [demonic ancestry]
  1582 | D:2      | Reached XP level 5. HP: 18/42 MP: 5/5
  1970 | D:3      | Noticed Nanban's ghost (amateur HuWn)
  1979 | D:3      | Gained mutation: You sometimes gain power by taking damage. [demonic ancestry]
  1979 | D:3      | Reached XP level 6. HP: 35/48 MP: 6/6
  2883 | D:4      | Found a shimmering altar of Xom.
  2977 | D:4      | Found a shattered altar of Ashenzari.
  3112 | D:4      | You fall through a shaft for 3 floors!
  3112 | D:7      | Found a staircase to the Ecumenical Temple.
  3226 | D:6      | Reached XP level 7. HP: 43/55 MP: 7/7
  3243 | D:6      | Reached skill level 5 in Fighting
  3409 | D:6      | Reached skill level 5 in Shields
  3799 | D:6      | Gained mutation: You have very sharp fingernails. [demonic ancestry]
  3799 | D:6      | Reached XP level 8. HP: 60/63 MP: 8/8
  3805 | D:6      | Got an ivory spear
  3806 | D:6      | Identified the cursed +3 spear "Pofie" {pierce, *Drain +Blink rN+++ Str-3} (You found it on level 6 of the Dungeon)
  3982 | D:6      | Reached skill level 5 in Armour
  4000 | D:5      | Entered Level 5 of the Dungeon
  4184 | D:5      | Reached skill level 1 in Polearms
  5199 | D:3      | Killed Nanban's ghost
  5549 | D:3      | Found a blossoming altar of Fedhas.
  5549 | D:3      | Found a shadowy altar of Dithmenos.
  5582 | D:3      | Reached skill level 6 in Fighting
  5946 | D:6      | Reached skill level 5 in Axes
  6077 | D:6      | Found a sparkling altar of Nemelex Xobeh.
  6376 | D:7      | Gained mutation: You have claws for hands. [demonic ancestry]
  6376 | D:7      | Reached XP level 9. HP: 61/70 MP: 9/9
  6641 | Temple   | Entered the Ecumenical Temple
  6699 | Temple   | Became a worshipper of Qazlal Stormbringer
  7067 | D:8      | Noticed Zleub's ghost (novice MiFi)
  7208 | D:8      | Found Ixtaq's Magic Scroll Emporium.
  7241 | D:8      | Reached skill level 7 in Fighting
  7257 | D:8      | Bought a scroll of identify for 28 gold pieces
  7257 | D:8      | Bought a scroll of identify for 28 gold pieces
  7257 | D:8      | Bought a scroll of identify for 28 gold pieces
  7257 | D:8      | Bought a scroll of remove curse for 42 gold pieces
  7257 | D:8      | Bought a scroll of enchant armour for 105 gold pieces
  8483 | D:8      | Reached XP level 10. HP: 28/79 MP: 10/10
  8676 | D:8      | Gained mutation: You have supernaturally acute eyesight. [potion of mutation]
  8676 | D:8      | Gained mutation: Your mind is acute. (Int +2) [potion of mutation]
  8676 | D:8      | Gained mutation: You possess an exceptional clarity of mind. [potion of mutation]
  8678 | D:8      | Gained mutation: Your mind is very acute. (Int +4) [potion of mutation]
  8678 | D:8      | Gained mutation: You can translocate small distances at will. [potion of mutation]
  8678 | D:8      | Gained mutation: You tend to lose your temper in combat. [potion of mutation]
  9061 | D:8      | Reached * piety under Qazlal
  9388 | D:9      | Noticed Joseph
  9418 | D:9      | Killed Joseph
  9958 | D:9      | Noticed a brown ugly thing
  9984 | D:9      | Killed a brown ugly thing
  9984 | D:9      | Reached skill level 8 in Fighting
  9984 | D:9      | Reached skill level 5 in Polearms
 10535 | D:9      | Noticed a hill giant
 10553 | D:9      | Killed a hill giant
 10586 | D:9      | Found Qicuxeah's Weapon Boutique.
 10643 | D:9      | Reached ** piety under Qazlal
 10833 | D:9      | Found a burning altar of Makhleb.
 10916 | D:10     | Entered Level 10 of the Dungeon
 11204 | D:10     | Gained mutation: You may emit foul miasma when damaged in melee. [demonic ancestry]
 11204 | D:10     | Reached XP level 11. HP: 79/87 MP: 11/11
 11258 | D:10     | Identified a +0 pair of boots of running (You found it on level 10 of the Dungeon)
 11347 | D:10     | HP: 1/87 [orc warrior/glaive (16)]
 11969 | D:10     | Reached *** piety under Qazlal
 11969 | D:10     | Reached skill level 9 in Fighting
 12342 | D:10     | HP: 4/89 [orc priest/divine providence (12)]
 13167 | D:10     | Noticed an unseen horror
 13172 | D:10     | Killed an unseen horror
 13194 | D:10     | Found Saphesuc's Armour Shop.
 13208 | D:10     | Found a staircase to the Lair.
 13424 | D:10     | Splashed by an orc priest's acid

Skill      XL: |  1  2  3  4  5  6  7  8  9 10 11 |
---------------+----------------------------------+-----
Shields        | 3 4 5 6 8 |  8.5
Axes           | 2 3 4 5 6 |  6.2
Armour         | 3 4 5 6 8 |  8.6
Fighting       | 4 5 6 7 8 9 |  9.3
Polearms       | 2 4 6 |  6.6

Action                   |  1- 3 |  4- 6 |  7- 9 | 10-12 || total
-------------------------+-------+-------+-------+-------++-------
Melee: War axe           |    96 |    96 |       |       ||   192
       Hand axe          |       |    29 |    67 |       ||    96
       Spear             |       |       |   584 |   738 ||  1322
Throw: Javelin           |       |       |       |     5 ||     5
  Use: Potion            |       |     2 |     7 |     5 ||    14
       Scroll            |       |     8 |    12 |     5 ||    25
  Eat: Chunk             |     1 |     2 |     7 |     6 ||    16
       Bread ration      |       |     1 |     3 |       ||     4
       Meat ration       |       |       |       |     2 ||     2
       Royal jelly       |       |       |       |     1 ||     1
Armor: Scale mail        |    41 |    45 |     5 |       ||    91
       Plate armour      |       |       |   309 |   318 ||   627
Dodge: Dodged            |    23 |    42 |   110 |   115 ||   290
Block: Shield            |    44 |    79 |   293 |   449 ||   865
